AoeStats
← lucas_s_g

Arabia

510576146Analyzed
1v1 RM · 1d ago on Oct 1, 2026· 83m 21s· 2 players
Game mode
Random Map
Map size
Tiny (2 player)
Population
200
Speed
Normal
Resources
Standard
Victory
Conquest
Starting age
Dark Age
Ending age
Imperial Age
RankedLock teamsTeams togetherTeam positionsShared explorationLock speedFull tech treeHidden civsTurbo modeCheats
Victory
Defeat
🇪🇸 Sicilians · Spain
659
+14
🇨🇴 Franks · Colombia
616
-14
XkranionX
14:15 Feudal Age
14:22 Man-at-Arms
19:08 Castle Age
34:24 Scale Barding Armor
34:30 Forging
34:10 Fletching
38:48 Fervor
42:10 Imperial Age
49:06 Light Cavalry
56:30 Cavalier
60:48 Chain Barding Armor
61:04 Iron Casting
62:13 Husbandry
64:47 Ballistics
66:24 Block Printing
68:07 Squires
72:11 Plate Barding Armor
76:51 Chemistry
80:19 Wheelbarrow
80:30 Wheelbarrow
80:37 Wheelbarrow
79:57 Double-Bit Axe
lucas_s_g
7:53 Loom
9:38 Feudal Age
17:19 Wheelbarrow
17:37 Fletching
25:32 Castle Age
28:51 Forging
28:42 Scale Mail Armor
29:57 Double-Bit Axe
30:30 Chain Mail Armor
35:54 Bodkin Arrow
36:35 Iron Casting
38:53 Imperial Age
38:09 Bow Saw
37:45 Horse Collar
40:43 Iron Casting
45:33 Pikeman
58:37 Cavalier
60:52 Bloodlines
60:48 Husbandry
60:34 Light Cavalry
62:43 Scale Barding Armor
63:39 Blast Furnace
64:23 Hand Cart
65:25 Chain Barding Armor
65:36 Plate Mail Armor
67:30 Squires
67:17 Gambesons
69:42 Plate Barding Armor
71:17 Halberdier
77:10 Chemistry
76:31 Ballistics
76:19 Siege Engineers
79:45 Masonry
Connection lost

Rejoining the realm…

Still unreachable

The connection could not be restored.

Session expired

The server has moved on; the page needs a fresh start.